[Event "European Women-ch 2023"]
[Site "Petrovac"]
[Date "2023.03.21"]
[Round "4.18"]
[White "Aydin, Gulenay"]
[Black "Goriachkina, Oksana"]
[Result "1/2-1/2"]
[ECO "C07"]
[WhiteElo "2039"]
[BlackElo "1759"]
[Annotator "TA"]
[PlyCount "95"]
[EventDate "2023.03.15"]
[EventType "swiss"]
[EventCountry "MNE"]
[SourceTitle "playchess.com"]
[Source "ChessBase"]
[SourceQuality "1"]
[TimeControl "40/5400+30:1800+30"]

1. e4 e6 2. d4 d5 3. Nd2 c5 4. Ngf3 cxd4 5. exd5 Qxd5 6. Bc4 Qd7 {[%emt 0:00:03] C07: French Tarrasch: 3...c5, 4 Ngf3 and 4 exd5 Qxd5.} 7. O-O {[%emt 0:01:23][%mdl 1024] White has compensation.} a6 8. a4 Nc6 9. Nb3 Nf6 10. Qe2 Be7 11. Rd1 Qc7 12. Nbxd4 Nxd4 13. Rxd4 O-O 14. Bf4 Qb6 {[%emt 0:08:56] [#]} 15. b3 $146 (15. c3 $16) ({Predecessor:} 15. c3 Bd7 16. Ne5 Rad8 17. a5 Qc5 18. Rad1 Bc8 19. b4 Qa7 20. Bg5 Qb8 21. g3 Rxd4 22. Rxd4 {0-1 Cuartas,J (2468)-Ruiz Castillo,J (2399) COL-ch pre olympic 2016 (8)}) 15... Bd7 $11 16. Rad1 Bc6 17. Ne5 Bc5 18. R4d3 Be4 19. R3d2 {[%emt 0:03:11] Black must now prevent Bg5.} Bg6 (19... Bd5 $14) 20. Nxg6 ({Better is} 20. Bg5 $16) 20... hxg6 $14 21. Bd6 Bxd6 22. Rxd6 Qc5 23. Qd3 Ng4 24. Qd4 Qxd4 25. R6xd4 Ne5 26. Be2 Rab8 {[%emt 0:04:28] [#]} (26... g5 $11) 27. f4 $1 $16 Nc6 28. Rd6 {[%emt 0:00:34][%cal Oe2a6] Threatens to win with Bxa6!} Rfd8 (28... Nb4 $1 $11) 29. Bf3 {[%emt 0:09:45] White is more active.} Rxd6 30. Rxd6 Rd8 (30... Nd8 $16 {was called for.}) 31. Rxd8+ $18 Nxd8 {[%emt 0:00:01][%mdl 4096] Endgame KB-KN} 32. a5 {[%emt 0:00:18] b4 is the strong threat.} Kf8 33. Kf2 Ke7 34. Ke3 Kd6 35. Kd4 f6 ({Black should try} 35... Nc6+ $14 36. Bxc6 Kxc6) 36. Be4 (36. b4 $18) 36... g5 37. fxg5 fxg5 (37... f5 $16) 38. c4 $2 (38. h3 $18) 38... e5+ {[%emt 0:02:50] [#]} (38... Nc6+ $11 39. Bxc6 e5+ 40. Ke4 bxc6) 39. Kc3 $1 $16 Nc6 40. b4 Kc7 41. Bxc6 (41. Kb3 $16) 41... bxc6 {[%emt 0:06:02] KP-KP} 42. Kd3 c5 $2 43. b5 $18 ({Inferior is} 43. bxc5 Kc6 44. h3 Kxc5 $17) 43... axb5 44. cxb5 {[%emt 0:00:09] White threatens Kc4 and mate.} g4 45. Kc4 $2 (45. h4 $18 Kb7 46. b6) 45... e4 $11 {[%emt 0:00:05] The position is equal.} 46. Kc3 (46. Kxc5 $2 {loses.} e3 47. b6+ Kb8 $19) 46... Kb7 47. Kc4 Kc7 48. Kc3 {[%emt 0:01:06] Weighted Error Value: White=0.31/Black=0.24 (precise)} (48. Kxc5 $2 {perishes.} e3 49. Kd5 e2 $19) 1/2-1/2

[Event "European Women-ch 2023"]
[Site "Petrovac"]
[Date "2023.03.21"]
[Round "4.19"]
[White "Ivekovic, Tihana"]
[Black "Ovod, Evgenija"]
[Result "1/2-1/2"]
[ECO "E04"]
[WhiteElo "2132"]
[BlackElo "2305"]
[Annotator "TA"]
[PlyCount "98"]
[EventDate "2023.03.15"]
[EventType "swiss"]
[EventCountry "MNE"]
[SourceTitle "playchess.com"]
[Source "ChessBase"]
[SourceQuality "1"]
[TimeControl "40/5400+30:1800+30"]

1. d4 d5 2. c4 e6 3. Nf3 Nf6 4. g3 dxc4 5. Bg2 Bd7 6. Ne5 Bc6 7. Nxc6 Nxc6 8. O-O Qd7 {[%emt 0:00:12] E04: Open Catalan: 5 Nf3.} 9. e3 Rd8 10. Qe2 {[%emt 0:00:21] 10.Qc2 deserves study.} e5 {[%emt 0:00:12] White has an edge.} 11. Qxc4 exd4 12. Qb5 Rb8 13. Rd1 a6 14. Qc4 {[%emt 0:00:05][%cal Re3d4] has lost popularity (14.Qf1).} Bd6 15. exd4 O-O 16. Nc3 h6 {[%emt 0:00:13] [#] The position is equal.} 17. a3 $146 ({Predecessor:} 17. Nd5 Nxd5 18. Qxd5 Rfe8 19. Be3 Ne7 20. Qh5 Qf5 21. Qxf5 Nxf5 22. Rd3 Nxe3 23. fxe3 {½-½ Andreikin,D (2736)-Lu,S (2619) CHN-chT China 2016 (22.2)}) 17... Ne7 18. Bd2 Qf5 19. Rac1 c6 ({Don't play} 19... Ng4 20. Ne4 $16 (20. f3 Nf6 $14 {[%mdl 64] Decoy})) 20. Re1 Ned5 (20... Ng4 $2 21. Ne4 Nc8 22. Qd3 $16) 21. Nxd5 Nxd5 22. Bxd5 (22. Be4 {looks sharper.} Qh5 23. Kg2 Rfe8 24. Qc2) 22... cxd5 23. Qb3 h5 {[%emt 0:16:53] Black is weak on the dark squares} 24. h4 Rfe8 25. Re3 Re4 26. Rxe4 dxe4 27. Bb4 Qb5 {[%emt 0:06:41] [#] Threatens to win with ...a5.} 28. Qc4 Bxb4 29. Qxb5 ({Much worse is} 29. Qxb4 Qxb4 30. axb4 Rd8 $15) 29... axb5 30. axb4 $11 {[%emt 0:00:04][%mdl 4096] Endgame KR-KR} Rd8 31. Rc5 Rxd4 32. Rxb5 Rd1+ 33. Kg2 Rd2 34. Kf1 Rxb2 35. Rxb7 g6 36. b5 Kg7 37. Rb6 Kf8 38. Rb7 Ke8 39. Ke1 Kf8 40. Kf1 Kg8 41. Kg1 Rb1+ 42. Kg2 Kf8 43. Kh2 Rb3 44. Kg2 Kg7 45. Rb6 Rf3 46. Rc6 Rb3 47. Rb6 Rb1 48. Kh2 Rb2 49. Kg1 Rb1+ {[%emt 0:00:40] A balanced but interesting game.   Weighted Error Value: White=0.02 (flawless) /Black=0.00 (flawless)} 1/2-1/2

[Event "European Women-ch 2023"]
[Site "Petrovac"]
[Date "2023.03.21"]
[Round "4.19"]
[White "Buchholz, Maja Patricia"]
[Black "Maione, Melissa"]
[Result "0-1"]
[ECO "E62"]
[WhiteElo "1883"]
[BlackElo "2028"]
[Annotator "TA"]
[PlyCount "70"]
[EventDate "2023.03.15"]
[EventType "swiss"]
[EventCountry "MNE"]
[SourceTitle "playchess.com"]
[Source "ChessBase"]
[SourceQuality "1"]
[TimeControl "40/5400+30:1800+30"]

1. c4 e5 2. g3 Nf6 3. Bg2 Nc6 4. Nc3 g6 5. Nf3 Bg7 6. d4 d6 7. O-O O-O 8. e4 exd4 9. Nxd4 Nxd4 10. Qxd4 Ng4 {[%emt 0:00:09] E62: King's Indian: Fianchetto: 6...c6 and Panno Variation (6...Nc6) without ...a6.} 11. Qd2 Ne5 12. Qe2 ({White should play} 12. b3 $11) 12... Be6 (12... c6 $15 {feels stronger.}) 13. Nd5 $11 {[%emt 0:01:00] [#]} Nxc4 $1 14. Qxc4 c6 {[%emt 0:00:11] [#]} 15. Qb3 $146 ({Predecessor:} 15. Bf4 cxd5 16. exd5 Bf5 17. Qb4 Be5 18. Bxe5 dxe5 19. Rfe1 a5 20. Qb3 Qe7 21. Rad1 Rfd8 22. Qc3 {1-0 Ramirez,J (1861)-Frutos Moreno,C (1439) PAR-ch sf Asuncion 2019 (1)}) 15... Qd7 {[%emt 0:04:10] [#]} 16. Bf4 $1 cxd5 17. exd5 Bf5 18. Rfe1 Rfe8 19. Rac1 Bd4 20. Qb4 Bc5 21. Qd2 Qb5 22. a3 a5 23. Bf1 Qb6 24. Kg2 h5 25. f3 Bd4 26. b4 Rxe1 27. Rxe1 (27. Qxe1 {simplifies} axb4 28. Qxb4 Qxb4 29. axb4 Ra2+ 30. Kh1) 27... axb4 28. axb4 {[%emt 0:03:43] [#]} (28. Qxb4 $11 {keeps the balance.} Qxb4 29. axb4) 28... Rc8 $1 $17 {[%emt 0:01:03] aiming for ...Rc2.} 29. Re2 {[%emt 0:02:31] [#]} (29. Bd3 $17 Bc3 30. Qe3) 29... Bc3 $1 $19 30. Qa2 (30. Qe3 {is a better defense.} Qxb4 31. Rf2) 30... Qxb4 {[%emt 0:01:01][%cal Oh5h4] White must now prevent ...h4!} ({Worse is} 30... Bxb4 31. Qb2 $17) 31. Qa7 (31. Bd2 $142) 31... Bd3 32. Re7 (32. Rf2 $142 Bd4 33. Qa2 Bxf2 34. Bxd3) 32... Bd4 {[%emt 0:02:05] ( -> ...Qb2+)} 33. Qxb7 Rc2+ {[%emt 0:01:05][%mdl 64] Deflection. Black mates.} 34. Kh3 Bxf1+ 35. Kh4 Bf6# {[%emt 0:00:08] Excellently played by Maione!   Weighted Error Value: White=0.65/Black=0.04 (flawless)} 0-1

[Event "European Women-ch 2023"]
[Site "Petrovac"]
[Date "2023.03.21"]
[Round "4.20"]
[White "Unuk, Laura"]
[Black "Allahverdiyeva, Ayan"]
[Result "1-0"]
[ECO "E15"]
[WhiteElo "2297"]
[BlackElo "2124"]
[Annotator "TA"]
[PlyCount "105"]
[EventDate "2023.03.15"]
[EventType "swiss"]
[EventCountry "MNE"]
[SourceTitle "playchess.com"]
[Source "ChessBase"]
[SourceQuality "1"]
[TimeControl "40/5400+30:1800+30"]

1. d4 Nf6 2. c4 e6 3. Nf3 b6 4. g3 Ba6 5. b3 Bb4+ 6. Bd2 Be7 7. Bg2 O-O 8. O-O d5 9. Ne5 Bb7 10. Nc3 Nbd7 11. Bf4 c5 {[%emt 0:02:48] 11...Ne4 is vanishing.} 12. cxd5 {[%emt 0:26:09][%cal Od5d6] aiming for d6! E15: Queen's Indian: 4 g3 sidelines, 4 g3 Ba6 and 4 g3 Bb7 early deviations.} Nxe5 13. Bxe5 {[%emt 0:12:16][%cal Od5d6] Black must now prevent d6!} Nxd5 14. Nxd5 {[%emt 0:01:47] The position is equal.} Bxd5 15. e4 Bb7 16. d5 (16. dxc5 {keeps more tension.} Bxc5 17. Qg4 g6 18. a3) 16... exd5 17. exd5 Bd6 18. Bc3 {[%emt 0:06:37] [#]} Re8 $146 ({Predecessor:} 18... Qd7 19. Re1 Rae8 20. Be4 f5 21. Bb2 fxe4 {0-1 Quack,R (2254)-Gabel,A (2345) GER-ch51 V01 email 2019}) 19. f4 (19. Qg4 {feels hotter.} Bf8 20. Rfe1 Qc8 21. Qa4) 19... Qd7 20. Qd2 (20. Qh5 {seems wilder.} Bf8 21. Rfe1 Rad8 22. Rad1) 20... Qf5 21. Rad1 Rad8 22. Rfe1 h5 23. Bb2 Bc8 24. Qc3 (24. Rxe8+ {simplifies} Rxe8 25. Re1 Rxe1+ 26. Qxe1 Bf8 27. Qe4) 24... Qg6 (24... f6 $15) 25. Be4 $1 $11 Qh6 26. Qd3 h4 27. Be5 hxg3 (27... Bxe5 28. fxe5 Qg5 29. Qc3 $14 (29. Bh7+ Kf8 $17)) (27... Bg4 {simplifies} 28. Ra1 Re7 29. Bxd6 Qxd6 30. Re3 b5) 28. Qxg3 Re7 29. Bf3 Bf5 30. Kf2 (30. Bg2 $15 {might be stronger.}) 30... Bc2 ({Black should try} 30... Rde8 $1 $17) 31. Rc1 Bd3 32. Rcd1 (32. Bxd6 $11 Qxd6 33. Rxe7 Qxe7 34. Re1) 32... c4 $17 33. bxc4 Bxc4 34. Kg2 (34. Rg1 $142 Rxe5 35. fxe5 Bc5+ 36. Kg2) 34... Bxa2 35. Kh1 Red7 (35... Bb3 $1 $17 36. Rd3 Bc4) 36. Qg2 (36. Bxg7 $1 $15 Qxg7 37. Qf2) 36... Bb3 37. Rd4 Re7 {[%emt 0:00:52] ...f6 would be deadly.} 38. Qg3 (38. Rb1 $2 Bxe5 39. fxe5 Rxe5 $19) (38. Rd3 $17 {was called for.} Bc4 39. Rdd1) 38... Rde8 {[%emt 0:00:21] Strongly threatening ...f6.} 39. Rd3 f6 40. Rxb3 fxe5 41. Qg2 exf4 ({Worse is} 41... Qxf4 42. Be4 Rc8 43. Bh7+ (43. Qh3 Rc1 $11) 43... Kxh7 44. Qh3+ Kg8 45. Qxc8+ Qf8 46. Qg4 $11) 42. Re6 Qh4 43. Rb1 {[%emt 0:00:47] [#]} Kf8 $2 44. Rg1 $11 Bc5 (44... Rxe6 $2 45. Qxg7#) 45. d6 $1 {[%emt 0:01:33] Really sharp!} Rd7 {[%emt 0:07:25][%mdl 8192] [#]} (45... Rxe6 $2 46. Qxg7#) (45... Rf7 $2 46. Rxe8+ Kxe8 47. Bc6+ Kf8 48. Qe2 $18) (45... Bxg1 $11 46. dxe7+ Rxe7 47. Rxe7 Qxe7) 46. Bc6 $2 $40 {[%emt 0:13:34][%mdl 128] White mounts an attack.} (46. Rxe8+ $1 $18 Kxe8 47. Qg6+ Kd8 48. Qe4 Qxh2+ 49. Kxh2 Bxg1+ 50. Kxg1 Rxd6 51. Bg4) 46... Bxg1 (46... Red8 $2 47. Qg6 Bxg1 48. Kxg1 $18) 47. Bxd7 Rxe6 48. Bxe6 {[%emt 0:00:04] [#] Intending Qa8+ and mate. KQB-KQB} Qd8 {[%emt 0:01:06][%mdl 8192] Repels Qa8} 49. Qg6 {[%emt 0:00:51][%csl Ge6][%cal Rg6f7] White mates.} ({Not} 49. Kxg1 Qxd6 50. Qe4 Qd1+ 51. Kf2 Qd2+ 52. Kf1 (52. Kf3 Qxh2 53. Qf5+ Ke7 $11) 52... Qd1+ 53. Kg2 Qd2+ 54. Kh3 Qe3+ 55. Qxe3 fxe3 $11) 49... Qf6 50. Qxf6+ (50. Qxg1 $2 {perishes.} Qxe6 51. Qd1 Qe4+ 52. Kg1 Ke8 53. Qh5+ g6 54. Qh8+ Kd7 55. Qh7+ Kxd6 56. Qxa7 Kc5 $19) 50... gxf6 51. Kxg1 a5 52. h4 a4 53. h5 {[%emt 0:00:10] Ingenious play by Unuk!   Weighted Error Value: White=0.42/Black=0.35} 1-0

[Event "European Women-ch 2023"]
[Site "Petrovac"]
[Date "2023.03.21"]
[Round "4.20"]
[White "Bluebaum, Johanna"]
[Black "Ivanovic, Tara"]
[Result "1-0"]
[ECO "E61"]
[WhiteElo "1954"]
[BlackElo "1472"]
[Annotator "TA"]
[PlyCount "67"]
[EventDate "2023.03.15"]
[EventType "swiss"]
[EventCountry "MNE"]
[SourceTitle "playchess.com"]
[Source "ChessBase"]
[SourceQuality "1"]
[TimeControl "40/5400+30:1800+30"]

1. d4 Nf6 2. c4 g6 3. Nc3 Bg7 4. Nf3 O-O 5. Bg5 d6 6. e3 c5 7. d5 $1 {[%emt 0:02:33][%mdl 4] now scores much better than the old 7.Be2.} Na6 (7... h6 $5 8. Bxf6 Bxf6 $11) 8. Bd3 {[%emt 0:00:26] E61: King's Indian: Early deviations for White, including Smyslov System.} Nc7 9. a4 {[%emt 0:00:41][%cal Ba2a4,Ba4a5][%mdl 32] [#]} Bg4 $146 (9... h6 $11 10. Bh4 Na6) ({Predecessor:} 9... e6 10. e4 exd5 11. cxd5 h6 12. Bh4 Re8 13. O-O Rb8 14. Nd2 g5 15. Bg3 Ng4 {1-0 Furman,B (2114)-Sankalan,S (1903) Vojvodina op 11th 2021 (8)}) 10. h3 $14 {[%emt 0:00:55] White is slightly better.} Bd7 11. O-O a6 ({Black should try} 11... h6 $14 12. Bf4 g5) 12. a5 Rb8 13. e4 {[%emt 0:04:28][%cal Be3e4,Be4e5][%mdl 32] White is more active.} h6 ({Better is} 13... e5) 14. Be3 $16 b5 15. axb6 Rxb6 16. Qd2 Kh7 (16... e5 $16 {was necessary.} 17. dxe6 (17. Bxh6 Qb8 $16) 17... Nxe6 18. Bxh6 Re8 19. Bxg7 Kxg7) 17. e5 $18 Ng8 18. Qc2 Kh8 19. Ne4 Qb8 20. Ra2 Qb7 (20... dxe5 $142 21. Nxc5 (21. Bxc5 f5 $18) 21... Be8) 21. Rb1 Rb8 22. Bf4 Ne8 23. Nc3 Qc7 (23... g5 {was called for.}) 24. Re1 {[%emt 0:03:03] [#] Strongly threatening e6.} Qb7 25. Nd1 (25. e6 $142 fxe6 26. Nh4 (26. Bxg6 Rxb2 27. Rxb2 Qxb2 $11)) 25... Rb4 $2 (25... g5 {is more resistant.}) 26. e6 fxe6 27. dxe6 ({Inferior is} 27. Bxg6 exd5 28. b3 e5 $15) 27... Bc6 28. Nh4 (28. Bxg6 Bxf3 29. gxf3 Qxf3 $14) 28... Bxb2 29. Nxg6+ ({Not} 29. Bxg6 Bf6 $16) 29... Kg7 30. Ne3 Bd4 31. Nf5+ Kf6 32. Nxd4 cxd4 33. Qe2 Qc7 34. Qg4 {[%emt 0:00:30] Black did not feel at home in the position after the opening.   Weighted Error Value: White=0.67/Black=0.89} 1-0

[Event "European Women-ch 2023"]
[Site "Petrovac"]
[Date "2023.03.21"]
[Round "4.21"]
[White "Krasteva, Beloslava"]
[Black "Froewis, Annika"]
[Result "1-0"]
[ECO "E51"]
[WhiteElo "2292"]
[BlackElo "2123"]
[Annotator "TA"]
[PlyCount "89"]
[EventDate "2023.03.15"]
[EventType "swiss"]
[EventCountry "MNE"]
[SourceTitle "playchess.com"]
[Source "ChessBase"]
[SourceQuality "1"]
[TimeControl "40/5400+30:1800+30"]

1. d4 Nf6 2. c4 e6 3. Nc3 Bb4 4. e3 d5 5. a3 Be7 6. Nf3 O-O 7. b3 b6 8. Bd3 Bb7 9. O-O c5 10. Bb2 Nbd7 11. Qe2 {[%emt 0:15:23] E51: Nimzo-Indian: Rubinstein: 4...0-0 5 Nf3 d5.} Rc8 12. Rfd1 Qc7 13. Rac1 {[%emt 0:02:33] White has an edge.} Qb8 14. Ne5 {[%emt 0:08:46] [#]} Rfd8 $146 (14... cxd4 $11 15. exd4 Rfd8) ({Predecessor:} 14... dxc4 15. bxc4 Rfd8 16. f4 Qa8 17. f5 Nf8 18. fxe6 fxe6 19. d5 exd5 20. Bf5 Rc7 {1-0 Doyle,J-Mayo,K West of Scotland Premier 2005 (3)}) 15. f4 {[%emt 0:06:04] White is much more active.} (15. cxd5 $1 $14 Nxe5 16. dxe5 Nxd5 17. Ne4 (17. Qh5 g6 $11)) 15... g6 (15... dxc4 {seems wilder.} 16. bxc4 cxd4 17. exd4 Nxe5 18. fxe5 Rxd4 19. Bxh7+ Kxh7 20. Rxd4 Bc5) 16. cxd5 Nxd5 17. Ne4 ({White should try} 17. Nxd5 $11 Bxd5 18. Ba6 Nxe5 19. Bxc8 Bxb3 20. Re1) 17... cxd4 $15 18. Bxd4 Rxc1 19. Rxc1 Bxa3 20. Ra1 Be7 21. Ng4 $1 {[%emt 0:00:54] Dodges N7f6} Kf8 $2 {[%emt 0:06:01] [#]} (21... f5 $15 {keeps the upper hand.} 22. Nh6+ Kf8) 22. Ng5 ({Better is} 22. Qb2 $1 $16) 22... Bxg5 (22... N7f6 $1 $11 23. Nxf6 Nxf6) 23. fxg5 $16 {[%emt 0:00:05] Hoping for Qf2.} e5 {[%emt 0:00:58] This move loses the game for Black.} (23... Qd6 $16 {might work better.}) 24. Bb2 $18 {[%emt 0:00:31][%mdl 1024] White has strong compensation.} a5 25. Rf1 {[%emt 0:03:01] Black must now prevent Qf2.} Qd6 26. Qf2 Qe6 {[%emt 0:04:05] [#]} 27. Bc4 $1 {[%emt 0:04:07] Threatens to win with Ba3+. This pair of bishops is nice.} b5 (27... f5 $2 28. e4 $18) 28. Bxb5 f5 29. Qh4 Qb6 $2 (29... Kg8) 30. Qxh7 Qe6 31. Nh6 {[%emt 0:02:22] Threatening mate with Rd1.} Nb4 32. Qh8+ Ke7 33. Qg7+ Kd6 34. Nf7+ Kc7 35. Nxd8 Kxd8 36. Rd1 Bc6 37. Bc4 ({Weaker is} 37. Qxe5 Qxe5 38. Bxe5 Bxb5 $16) 37... Bd5 38. Qh8+ Kc7 39. Bxd5 Nxd5 40. Rc1+ Kb7 41. Qc8+ Kb6 {[%emt 0:01:13] [#]} 42. Bxe5 $1 {[%emt 0:01:26][%mdl 64] Deflection} Qxe5 43. Qc6+ (43. Qxd7 $2 {is the wrong capture.} Qxe3+ 44. Kf1 Qxc1+ $19) 43... Ka7 44. Qxd7+ Kb6 45. Rc6+ {[%emt 0:00:14] Artfully played by Krasteva.   Weighted Error Value: White=0.21 (precise) /Black=0.64} 1-0

[Event "European Women-ch 2023"]
[Site "Petrovac"]
[Date "2023.03.21"]
[Round "4.21"]
[White "Silva, Ana Ines Teixeira Da"]
[Black "Petrovska, Katerina"]
[Result "1-0"]
[ECO "C28"]
[WhiteElo "1792"]
[BlackElo "1907"]
[Annotator "TA"]
[PlyCount "97"]
[EventDate "2023.03.15"]
[EventType "swiss"]
[EventCountry "MNE"]
[SourceTitle "playchess.com"]
[Source "ChessBase"]
[SourceQuality "1"]
[TimeControl "40/5400+30:1800+30"]

1. e4 e5 2. Bc4 Nf6 3. d3 Nc6 4. Nc3 Be7 5. f4 exf4 6. Bxf4 d6 7. Nf3 O-O 8. Qd2 {[%emt 0:02:27] C28: Vienna Game: 2...Nf6 3 Bc4 Nc6.} Na5 9. Bb3 Nxb3 10. axb3 {[%emt 0:00:06] [#] The position is equal.} c5 $146 ({Predecessor:} 10... d5 11. Nxd5 {½-½ Solak,D (2628)-Ipatov,A (2624) TUR-ch Adana 2015 (11)}) 11. d4 d5 12. exd5 Nxd5 13. Nxd5 Qxd5 14. O-O-O (14. c4 $5 Qh5 15. O-O cxd4 16. Ra5 $11 (16. Qxd4 $2 Bc5 $19) (16. Nxd4 a5 $11)) 14... Bf5 {[%emt 0:15:42] ...Rac8 would be deadly.} 15. Rhe1 $1 Bd6 16. Bxd6 Qxd6 {[%emt 0:00:04] [#]} 17. dxc5 (17. Re5 $1 $16 Qf6 18. Rxc5 (18. dxc5 Rad8 $16)) 17... Qxc5 $11 18. Re5 Qc8 19. Nd4 Bg6 20. h4 Qc7 21. Qe2 h5 22. Nf5 Bxf5 23. Rxf5 g6 24. Re5 Rac8 (24... Rad8 $11) 25. g4 $1 $14 {[%emt 0:01:04] White is more active.} hxg4 26. h5 Qc6 27. hxg6 $1 Qxg6 28. Rh1 $1 f5 {[%emt 0:00:41] [#]} ({Black should try} 28... Rc6 $14) 29. Re7 $40 {[%emt 0:01:34][%mdl 128] White is up to no good.} (29. Qh2 $1 $16 {[%cal Rh2h8] Intending Qh8+ and mate.} Qg7 30. Qh5) 29... Qg5+ $2 (29... Rfe8 $11 30. Kb1 b6) 30. Kb1 $18 Rc6 {[%emt 0:00:29] Dodges Qe6+} 31. Reh7 {[%emt 0:01:30] Wards off Rh6} (31. Qe5 Rh6 32. Qd5+ Kh8 $18) 31... Qf6 {[%emt 0:00:28] Wards off Qe5} 32. Qh2 Rd6 33. Rh8+ $2 (33. Rxb7 Qh6 34. Qxh6 Rxh6 35. Rxh6) 33... Kf7 34. Qh7+ (34. Rh7+ Kg8 35. Rxb7 Qh6 36. Qxh6 Rxh6 37. Rxh6 a5 38. Rg6+ Kh8 $18) ({White should play} 34. Rh5 $18 Ke7 35. Qf4) 34... Ke8 $11 {[%emt 0:00:28] ...Rxh8 is the strong threat.} 35. Rxf8+ Kxf8 36. Qxb7 {[%emt 0:00:25][%mdl 4096] Endgame Strongly threatening Qb8+. KQR-KQR} Qg7 $2 {[%emt 0:00:41][%mdl 8192] This move loses the game for Black.} (36... Re6 $11) 37. Qb8+ $18 Ke7 38. Re1+ (38. Qxa7+ Kf6 39. Qe3 Kg6 $18) 38... Re6 39. Qxa7+ Kf8 40. Qxg7+ (40. Rxe6 $2 {loses.} Qxa7 41. Rg6 Qg1+ 42. Ka2 Qa7+ 43. Kb1 Kf7 $19) (40. Qb8+ $142 Kf7 41. Qc7+ Kg8 42. Qc8+ (42. Rxe6 $2 Qxc7 43. Re8+ Kg7 $19) 42... Qf8 43. Qxe6+ Qf7 44. Qd6 Qg7 45. Qd8+ Kh7 46. Qh4+ Kg8 47. Re8+ Kf7 48. Re7+ Kf8 49. Rxg7) 40... Kxg7 41. Rxe6 {[%emt 0:00:15] KR-KPP} g3 42. Re1 f4 43. Rg1 Kf6 44. b4 Ke5 45. b5 {[%emt 0:00:09] White wants to mate with Rd1.} Ke4 46. b6 {[%emt 0:04:46] b7 would kill now.} f3 47. Re1+ ({And not} 47. Rxg3 f2 $11) 47... Kd5 48. b7 f2 49. Rd1+ {[%emt 0:00:07] Weighted Error Value: White=0.40/Black=0.64} ({Inferior is} 49. b8=Q fxe1=Q+ 50. Ka2 Qf2 51. Qb7+ Kd4 $17) 1-0

[Event "European Women-ch 2023"]
[Site "Petrovac"]
[Date "2023.03.21"]
[Round "4.22"]
[White "Dylag, Emilia"]
[Black "Schulze, Lara"]
[Result "1/2-1/2"]
[ECO "E04"]
[WhiteElo "2052"]
[BlackElo "2277"]
[Annotator "TA"]
[PlyCount "100"]
[EventDate "2023.03.15"]
[EventType "swiss"]
[EventCountry "MNE"]
[SourceTitle "playchess.com"]
[Source "ChessBase"]
[SourceQuality "1"]
[TimeControl "40/5400+30:1800+30"]

1. d4 Nf6 2. c4 e6 3. g3 d5 4. Bg2 Bb4+ 5. Nd2 O-O 6. Ngf3 dxc4 7. Qc2 (7. a3 $5 Bxd2+ 8. Bxd2 $11) 7... a5 {[%emt 0:00:30] E04: Open Catalan: 5 Nf3.} 8. O-O b5 9. a3 Bxd2 (9... Be7 $15) 10. Bxd2 (10. Nxd2 $11 {remains equal.} Ra6 11. a4) 10... Bb7 $17 {[%emt 0:02:04] [#]} 11. b3 $146 ({Predecessor:} 11. a4 Be4 12. Qc1 c6 13. Qe1 b4 14. Qc1 Qd5 15. Bg5 Nbd7 16. Rd1 h6 17. Bxf6 Nxf6 {0-1 Mitrabha,G (2509)-Matlakov,M (2674) Wch Blitz Warsaw 2021 (10)}) 11... Be4 $1 12. Qb2 cxb3 13. Qxb3 c6 14. Rac1 Na6 (14... Qd5 $17 15. Qxd5 Nxd5) 15. Rfd1 {[%emt 0:07:21] [#]} b4 16. axb4 $11 Rb8 17. Qa4 (17. Ne5 $5 Bxg2 18. Kxg2 Nxb4 19. Qc4 $11) 17... Nxb4 18. Rc5 Nd7 19. Rcc1 (19. Rxa5 Bc2 20. Qa3 Bxd1 $17) 19... Rb5 20. Ne1 Bxg2 21. Nxg2 Nb6 22. Qa1 Qd7 $36 {[%emt 0:02:22][%mdl 2048] Black has good play.} 23. Be1 f5 24. Rc5 N4d5 25. Rdc1 Rc8 ({Much weaker is} 25... Rxc5 26. dxc5 Nc8 27. Bxa5 $11) 26. Nh4 Qb7 27. Rb1 (27. Nf3 $11 {keeps the balance.}) 27... a4 28. Nf3 Nd7 {[%emt 0:03:16] Excellent horsemanship.} ({Black should try} 28... Rxb1 $17 29. Qxb1 Ra8) 29. Rcxb5 $15 cxb5 30. Qxa4 bxa4 31. Rxb7 N7b6 32. Ra7 Ra8 33. Rxa8+ Nxa8 {[%emt 0:00:01][%mdl 4096] Endgame KBN-KNN} 34. Ba5 (34. Kf1 $17) 34... Nab6 {[%emt 0:02:00] ...Nc4 would be deadly.} 35. Bxb6 {[%emt 0:00:30] Black must now prevent Bc5.} Nxb6 $19 {[%emt 0:00:01] KN-KN} 36. Nd2 Kf7 37. Kf1 Ke7 38. Ke1 Kd6 39. Kd1 {[%emt 0:01:11] [#]} Kd5 $1 40. e3 Nd7 41. Kc2 e5 42. dxe5 Nxe5 ({Reject} 42... Kxe5 $6 43. Kc3 $11) 43. f3 {[%emt 0:07:27] Dodges Ng4} Nc4 {[%emt 0:08:46] Strongly threatening ...Nxd2.} 44. e4+ fxe4 45. Nxe4 h6 ({Better is} 45... a3 $17) 46. Nc3+ $11 {[%emt 0:02:08] The position is equal.} Kd4 {[%emt 0:00:11] ...Ne3+ is the strong threat.} 47. Nxa4 Ke3 48. f4 Kf3 49. Kd3 Ne3 50. Nc5 Ng4 {[%emt 0:05:24] Black had all chances to win.   Weighted Error Value: White=0.18 (very precise) /Black=0.18 (very precise)} 1/2-1/2